 Dungeon Crawl Stone Soup version 0.27-a0-1202-ge72e49191c (webtiles) character file.

Game seed: 12645887366423126642

56 robertstho the Chiller (level 3, -2/28 HPs)
             Began as a Naga Ice Elementalist on June 2, 2021.
             Slain by an orc
             ... wielding a +0 trident
              (5 damage)
             ... on level 3 of the Dungeon.
             The game lasted 00:05:30 (2104 turns).

robertstho the Chiller (Naga Ice Elementalist)      Turns: 2104, Time: 00:05:34

Health: -2/28      AC:  4    Str: 10    XL:     3   Next: 97%
Magic:  7/7        EV:  9    Int: 22    God:
Gold:   58         SH:  0    Dex: 11    Spells: 6/7 levels left

rFire    . . .     SeeInvis +   e - +1 short sword
rCold    . . .     Faith    .   (no shield)
rNeg     . . .     Spirit   .   a - +0 robe
rPois    +         Reflect  .   (no helmet)
rElec    .         Harm     .   (no cloak)
rCorr    .         Rampage  .   g - +1 pair of gloves
Will     .....                  (no barding)
Stlth    +.........             (no amulet)
HPRegen  0.09/turn              f - +6 ring of intelligence
MPRegen  0.10/turn              (no ring)

@: confused, short of breath, ambrosia-drunk, very slow
A: AC +1, large, see invisible, deformed body, poison resistance, slowness 2,
spit poison 1, naga tail 1
a: Spit Poison


You were on level 3 of the Dungeon.
You visited 1 branch of the dungeon, and saw 3 of its levels.

You collected 58 gold pieces.

Inventory:

Hand Weapons
 e - a +1 short sword (weapon)
Armour
 a - a +0 robe (worn)
 g - a +1 pair of gloves (worn)
 i - a +0 buckler
Jewellery
 f - a +6 ring of intelligence (left hand)
Scrolls
 j - a scroll of amnesia
Potions
 b - a potion of resistance {unknown}
 c - a potion of berserk rage {unknown}


   Skills:
 + Level 0.1 Fighting
 + Level 1.5 Dodging
 + Level 3.2 Stealth
 * Level 2.6 Spellcasting
 * Level 4.9 Ice Magic


You had 6 spell levels left.
You knew the following spells:

 Your Spells              Type           Power      Damage    Failure   Level
a - Freeze                Ice            96%        1d11      1%          1

Your spell library contained the following spells:

 Spells                   Type           Power      Damage    Failure   Level
 Frozen Ramparts          Ice            48%        1d6       4%          3
 Ozocubu's Armour         Ice            24%        N/A       4%          3
 Confusing Touch          Hex            2%         N/A       36%         3
 Gell's Gravitas          Tloc           1%         N/A       36%         3
 Hailstorm                Conj/Ice       13%        3d5       43%         4
 Petrify                  Tmut/Erth      2%         N/A       77%         4
 Metabolic Englaciation   Hex/Ice        6%         N/A       78%         5
 Yara's Violent Unravell  Hex/Tmut       1%         3d3       98%         5


Dungeon Overview and Level Annotations

Branches:
Dungeon (3/15)

Altars:


Innate Abilities, Weirdness & Mutations

Your serpentine skin is tough. (AC +1)
You have supernaturally acute eyesight. (SInv)
Armour fits poorly on your strangely shaped body.
Your system is resistant to poisons. (rPois)
You cover ground very slowly.
You can spit poison.
You have a snake-like lower body.


Message History

Unknown command.
Casting: Freeze (safe; 1% risk of failure)
Confirm with . or Enter, or press ? or * to list all spells.
Aiming: Freeze (safe; 1% risk of failure)
Press: ? - help, Shift-Dir - straight line, f - orc
Aim: an orc, wielding a +0 club You freeze the orc!
You kill the orc!
The orc hits you from afar with a +0 trident.
Unknown command.
The orc hits you from afar with a +0 trident.
You have got your breath back.
The orc hits you from afar with a +0 trident.
* * * LOW HITPOINT WARNING * * *
Press: ? - help, Shift-Dir - straight line, f - orc
Aim: an orc, wielding a +0 trident and wearing a +0 scale mail The splash of poison misses the orc.
The orc barely misses you.
Unknown command.
Casting: Freeze (safe; 1% risk of failure)
Confirm with . or Enter, or press ? or * to list all spells.
Aiming: Freeze (safe; 1% risk of failure)
Press: ? - help, Shift-Dir - straight line, f - orc, p - orc
Aim: an orc, wielding a +1 whip of pain You freeze the orc.
The orc is almost dead.
The orc hits you but does no damage.
The orc hits you from afar with a +0 trident.
* * * LOW HITPOINT WARNING * * *
The orc closely misses you.
It was a potion of magic.
Magic courses through your body.
The orc hits you from afar with a +0 trident.
* * * LOW HITPOINT WARNING * * *
The orc completely misses you.
It was a potion of ambrosia.
You are confused.
You feel invigorated.
The orc hits you with a +1 whip of pain.
* * * LOW HITPOINT WARNING * * *
The orc hits you from afar with a +0 trident.
You die...

#. ....# ##.###.
#...#
.......#####...####
#!....)..........#
########.........#
# #.........# .# #
####.o..### .#.#
#.o..# .#.# #..@.#
..#
#######...####.#
^#.
........).<....# ##
..........######
.###### #######..##
....... .........#
.###############.#
....)....#######.#
########.........#


You could see 2 orcs.

Vanquished Creatures
  An adder (D:2)
  A worm (D:2)
  2 dart slugs (D:1)
  2 orcs (D:3)
  An endoplasm (D:1)
  2 goblins
  6 hobgoblins
  4 jackals (D:2)
  A quokka (D:2)
  5 ball pythons
  3 bats
  2 frilled lizards
  4 kobolds (D:1)
  3 rats (D:1)
37 creatures vanquished.

Vanquished Creatures (others)
  A plant (D:2)
1 creature vanquished.

Grand Total: 38 creatures vanquished

Notes
Turn   | Place    | Note
-------+----------+-------------------------------------------
     0 | D:1      | robertstho the Naga Ice Elementalist began the quest for
                  | the Orb.
     0 | D:1      | Reached XP level 1. HP: 15/15 MP: 3/3
   256 | D:1      | Reached XP level 2. HP: 22/22 MP: 3/5
   787 | D:1      | Reached XP level 3. HP: 28/28 MP: 6/6
  1356 | D:2      | Found a faded altar of an unknown god.
  2103 | D:3      | HP: 1/28 [orc/+0 trident (3)]
  2104 | D:3      | Slain by an orc

Illustrated notes

Levels and vault maps discovered:
D:1:      wander_arrival_chamber, layout_basic
D:2:      layout_rooms, serial_forest, infiniplex_forest_end_2,
          infiniplex_forest_clump_tiny, infiniplex_forest_end_2,
          infiniplex_forest_clump_medium, infiniplex_forest_clump_small,
          infiniplex_forest_clump_small, infiniplex_forest_lined_3,
          basic_ecumenical_altar, solitary_fountain, supply_closet_lemuel,
          hex_intersection, chequers_serial_rivers_small_a
D:3:      layout_loops_ring, amcnicky_altar_gilded, uniq_crazy_yiuf_cottage

Action                   || total
-------------------------++-------
Melee: Short sword       ||    17
 Cast: Freeze            ||    26
 Abil: Spit Poison       ||    32
  Use: Scroll            ||     5
       Potion            ||     2
 Stab: Sleeping          ||     2
Armor: Robe              ||    26
Dodge: Dodged            ||    30

Table legend: (Time is in decaauts)
 A = Elapsed time spent in this place.
 B = Non-inter-level travel time spent in this place.
 C = Inter-level travel time spent in this place.
 D = Time resting spent in this place.
 E = Time spent auto-exploring this place.
 F = Levels seen in this place.
 G = Mean time per level.
                   A        B        C        D        E       F      G
               +--------+--------+--------+--------+--------+-----+--------+
         Total |   2623 |   2533 |     90 |    100 |   2145 |   3 |  874.3 |
       Dungeon |   2623 |   2533 |     90 |    100 |   2145 |   3 |  874.3 |
               +--------+--------+--------+--------+--------+-----+--------+

Top non-repeatable levels by time:
     D:1: 1416 daAuts
     D:2: 1094 daAuts
     D:3: 112 daAuts
